 Dungeon Crawl Stone Soup version 0.28-a0-1524-ge72afd5fc6 (webtiles) character file.

Game seed: 7835373491228134711

1465 a3don the Covert (level 8, -6/35 HPs)
             Began as a Spriggan Enchanter on Jan 18, 2022.
             Was a Priest of Hepliaklqana.
             Killed by divine providence
             ... invoked by an orc priest
              (16 damage)
             ... on level 5 of the Dungeon.
             The game lasted 00:19:39 (5963 turns).

a3don the Covert (Spriggan Enchanter)               Turns: 5963, Time: 00:19:39

Health: -6/35      AC:  2    Str:  4    XL:     8   Next: 48%
Magic:  16/16      EV: 19    Int: 18    God:    Hepliaklqana [***...]
Gold:   211        SH:  0    Dex: 16    Spells: 9/17 levels left

rFire   . . .      SeeInvis +   m - +0 short sword (venom)
rCold   . . .      Faith    .   (no shield)
rNeg    . . .      Spirit   .   b - +0 robe
rPois   .          Reflect  .   (helmet restricted)
rElec   .          Harm     .   (no cloak)
rCorr   .          Rampage  .   (gloves unavailable)
Will    +....                   (boots unavailable)
Stlth   ++++......              (no amulet)
HPRegen 0.11/turn               (no ring)
MPRegen 0.15/turn               (no ring)

@: very quick
A: reduced essence, very small, no large weapons, unfitting armour, see
invisible, speed 3
a: Renounce Religion, Recall Ancestor, Ancestor Identity, Transference


You were on level 5 of the Dungeon.
You worshipped Hepliaklqana.
Hepliaklqana was most pleased with you.
You visited 1 branch of the dungeon, and saw 5 of its levels.

You collected 211 gold pieces.

Inventory:

Hand Weapons
 a - a +1 dagger
 m - a +0 short sword of venom (weapon)
Missiles
 d - 6 poisoned darts (quivered)
Armour
 b - a +0 robe (worn)
Magical Staves
 w - a staff of death
Wands
 u - a wand of paralysis (7)
Scrolls
 e - 3 scrolls of silence {unknown}
 f - a scroll of vulnerability {unknown}
 h - a scroll of magic mapping {unknown}
 i - a scroll of teleportation {unknown}
 l - a scroll of enchant weapon {unknown}
 n - a scroll of immolation {unknown}
 o - a scroll of fear {unknown}
 p - a scroll of identify {unknown}
 q - 3 scrolls of amnesia {unknown}
 r - a scroll of torment {unknown}
Potions
 c - a potion of invisibility
 g - 4 potions of curing {unknown}
 j - a potion of brilliance {unknown}
 k - a potion of ambrosia {unknown}
 s - a potion of heal wounds {unknown}
 t - a potion of lignification {unknown}
 v - 2 potions of attraction {unknown}
 x - a potion of magic {unknown}


   Skills:
 + Level 2.7 Fighting
 * Level 5.7 Short Blades
 + Level 5.4 Dodging
 * Level 9.5 Stealth
 + Level 5.1 Spellcasting
 + Level 5.9 Hexes


You had 9 spell levels left.
You knew the following spells:

 Your Spells              Type           Power      Damage    Failure   Level
a - Ensorcelled Hibernat  Hex/Ice        30%        N/A       6%          2
b - Tukima's Dance        Hex            25%        N/A       3%          3
c - Confusing Touch       Hex            25%        N/A       3%          3

Your spell library contained the following spells:

 Spells                   Type           Power      Damage    Failure   Level
 Dazzling Flash           Conj/Hex       30%        N/A       12%         3
 Sublimation of Blood     Necr           4%         N/A       21%         2
 Wereblood                Tmut           4%         N/A       21%         2
 Conjure Flame            Conj/Fire      4%         6-21      36%         3
 Ignite Poison            Fire/Tmut/Pois 4%         N/A       36%         3
 Sticky Flame             Conj/Fire      4%         2d3       78%         4
 Summon Hydra             Summ           2%         N/A       100%        7


Dungeon Overview and Level Annotations

Branches:
Dungeon (5/15)
 Temple: D:4-7

Altars:
Hepliaklqana

Shops:
D:3 (


Innate Abilities, Weirdness & Mutations

Your life essence is reduced to manifest your ancestor. (-10% HP)
You are very small and have problems with some larger weapons.
You are too small for most types of armour.
You have supernaturally acute eyesight. (SInv)
You cover ground extremely quickly. (Speed+++)


Message History

The arrow hits the orc wizard.
The orc hits your +0 shortbow with a +0 flail.
Your +0 shortbow falls from the air.
You hit the orc wizard.
The orc wizard looks as sick as possible!
The orc wizard is moderately wounded.
The orc wizard misses you.
You hit the orc wizard.
The orc wizard looks as sick as possible!
Your punch misses the orc wizard.
The orc wizard is heavily wounded.
The orc misses you.
The orc priest shouts!
You hit the orc wizard.
The orc wizard looks as sick as possible!
The orc wizard is severely wounded.
The orc wizard completely misses you.
Septimus hits the orc wizard with a +0 dagger of draining!
The orc wizard dies!
The orc hits Septimus with a +0 flail.
Septimus casts a spell at the orc.
The orc resists with significant effort.
The orc hits Septimus with a +0 flail.
You see here a scorpion corpse.
Septimus misses the orc.
The orc hits Septimus with a +0 flail.
Septimus hits the orc with a +0 dagger of draining.
Septimus drains the orc.
Something closely misses Septimus.
You start resting.
Magic restored.
You hit the orc priest but do no damage.
The orc priest is poisoned.
The orc priest hits you with a +0 war axe!
The orc hits you with a +0 flail!
* * * LOW HITPOINT WARNING * * *
Septimus gestures at the orc while chanting.
The orc seems to slow down.
The orc priest calls down the wrath of Beogh upon you.
Beogh smites you!
You die...

#....)####.# #.#
#.......##.###.#
#.......)...##.##
#..<...))≈..#)..######
##..##.≈≈≈≈..<........
#.....≈≈≈≈.#....#####
###.##..≈≈≈≈......#
#....o...≈PP.##.###
##.#.###R#@.####.#
#...........# #+#
#....o##.####
#...8..##.# #.......#.#
#.........###....gg...#
.............+.........+
.#######....###......o..
# ##.#.# ....o..


You could see an orc priest (very poisoned) and an orc (slow).

Vanquished Creatures
  A two-headed ogre (D:4)
  An ogre (D:5)
  A scorpion (D:5)
  2 water moccasin skeletons (D:5)
  A howler monkey (D:4)
  A jelly (D:4)
  A bullfrog skeleton (D:4)
  An orc priest (D:3)
  Jessica (D:3)
  A scorpion zombie (D:5)
  An iguana (D:4)
  A hound zombie (D:5)
  A hound skeleton (D:4)
  A howler monkey zombie (D:5)
  6 gnolls (D:3)
  A white imp (D:5)
  4 worms (D:2)
  2 dart slugs (D:1)
  7 orcs
  6 ball pythons
  3 bats
  5 endoplasms
  A giant cockroach (D:3)
  6 hobgoblins
  2 quokkas
  4 frilled lizards
  3 goblins
  4 kobolds
  3 rats
72 creatures vanquished.

Vanquished Creatures (collateral kills)
  A centaur (D:5)
  A centaur zombie (D:5)
  A bullfrog zombie (D:5)
  An orc priest (D:4)
  An orc wizard (D:5)
  A hound skeleton (D:2)
  5 gnolls
  An ufetubus (D:4)
  An orc (D:3)
  A bat (D:3)
  An endoplasm (D:2)
  A giant cockroach (D:1)
  A hobgoblin (D:4)
  A frilled lizard (D:1)
18 creatures vanquished.

Vanquished Creatures (others)
  2 dancing weapons
  A hexer (D:4)
  A withered plant (D:5)
4 creatures vanquished.

Grand Total: 94 creatures vanquished

Notes
Turn   | Place    | Note
-------+----------+-------------------------------------------
     0 | D:1      | a3don the Spriggan Enchanter began the quest for the Orb.
     0 | D:1      | Reached XP level 1. HP: 9/9 MP: 5/5
  1042 | D:1      | Found a faded altar of an unknown god.
  1053 | D:1      | Prayed at the altar of an unknown god.
  1053 | D:1      | Became a worshipper of Hepliaklqana the Forgotten
  1053 | D:1      | Reached * piety under Hepliaklqana
  1119 | D:1      | Reached XP level 2. HP: 7/11 MP: 6/6
  1122 | D:1      | Learned a level 2 spell: Ensorcelled Hibernation
  1831 | D:2      | Reached skill level 5 in Stealth
  1906 | D:2      | Reached XP level 3. HP: 15/15 MP: 8/8
  1910 | D:2      | Learned a level 3 spell: Tukima's Dance
  1914 | D:2      | Learned a level 3 spell: Confusing Touch
  2284 | D:2      | Reached ** piety under Hepliaklqana
  2310 | D:2      | Remembered your ancestor Septimus as a hexer
  2978 | D:3      | Reached XP level 4. HP: 18/18 MP: 9/9
  3241 | D:3      | Found Wag Pub's Weapon Shoppe.
  3413 | D:3      | Reached skill level 1 in Fighting
  3413 | D:3      | Reached XP level 5. HP: 19/22 MP: 2/10
  3577 | D:3      | Reached skill level 6 in Stealth
  3970 | D:3      | Noticed Jessica
  3973 | D:3      | Killed Jessica
  4096 | D:4      | Reached XP level 6. HP: 23/27 MP: 9/12
  4318 | D:4      | Noticed a two-headed ogre
  4374 | D:4      | Killed a two-headed ogre
  4375 | D:4      | Reached skill level 8 in Stealth
  4375 | D:4      | Reached skill level 5 in Hexes
  4375 | D:4      | Reached XP level 7. HP: 12/31 MP: 8/14
  4816 | D:4      | Reached *** piety under Hepliaklqana
  4960 | D:4      | Reached skill level 5 in Short Blades
  5546 | D:5      | Entered Level 5 of the Dungeon
  5549 | D:5      | Reached skill level 5 in Dodging
  5549 | D:5      | Reached XP level 8. HP: 35/35 MP: 12/16
  5583 | D:5      | Reached skill level 9 in Stealth
  5791 | D:5      | Reached skill level 5 in Spellcasting
  5963 | D:5      | Killed from afar by an orc priest

Illustrated notes

Levels and vault maps discovered:
D:1:      wheals_arrival_linesprint, layout_rooms, ebering_ecumenical_altar_box
D:2:      layout_loops_ring
D:3:      layout_loops_ring, serial_shops, shop, uniq_jessica
D:4:      layout_basic
D:5:      layout_loops_corners, ebering_ghost_sewer_d, serial_undead,
          serial_undead_b, serial_undead_d, serial_undead_c, serial_undead_a,
          serial_undead_f, serial_undead_f, uniq_eustachio

Skill      XL: |  1  2  3  4  5  6  7  8 |
---------------+-------------------------+-----
Spellcasting   | 3 4 5 |  5.1
Dodging        | 3 4 5 |  5.4
Stealth        | 5 6 8 9 |  9.5
Short Blades   | 2 3 4 5 |  5.7
Hexes          | 4 5 |  5.9
Fighting       | 1 2 |  2.7

Action                   |  1- 3 |  4- 6 |  7- 9 || total
-------------------------+-------+-------+-------++-------
Melee: Dagger            |    60 |    26 |       ||    86
       Punch             |     1 |       |     3 ||     4
       Short sword       |       |    37 |    89 ||   126
Throw: Dart              |     4 |     2 |     2 ||     8
 Cast: Ensorcelled Hiber |    17 |    18 |     9 ||    44
       Tukima's Dance    |       |     3 |     4 ||     7
       Confusing Touch   |       |     2 |     4 ||     6
Invok: Recall Ancestor   |     1 |     2 |     1 ||     4
       Ancestor Life: He |     1 |       |       ||     1
       Ancestor Identity |     1 |       |       ||     1
 Stab: Sleeping          |    21 |    13 |     8 ||    42
       Confused          |       |     5 |     6 ||    11
       Distracted        |       |     1 |     2 ||     3
Armor: Robe              |     5 |     3 |     7 ||    15
Dodge: Dodged            |    31 |    59 |    78 ||   168

Table legend: (Time is in decaauts)
 A = Elapsed time spent in this place.
 B = Non-inter-level travel time spent in this place.
 C = Inter-level travel time spent in this place.
 D = Time resting spent in this place.
 E = Time spent auto-exploring this place.
 F = Levels seen in this place.
 G = Mean time per level.
                   A        B        C        D        E       F      G
               +--------+--------+--------+--------+--------+-----+--------+
         Total |   4844 |   4791 |     53 |   1541 |   2469 |   5 |  968.8 |
       Dungeon |   4844 |   4791 |     53 |   1541 |   2469 |   5 |  968.8 |
               +--------+--------+--------+--------+--------+-----+--------+

Top non-repeatable levels by time:
     D:1: 1480 daAuts
     D:4: 1255 daAuts
     D:2: 963 daAuts
     D:3: 789 daAuts
     D:5: 356 daAuts
